 Dungeon Crawl Stone Soup version 0.15-a0-225-ga4013df (webtiles) character file.

172 MrRokkomies the Vexing (level 5, 0/24 HPs)
             Began as a Vine Stalker Enchanter on Apr 25, 2014.
             Slain by a hound (2 damage)
             ... while paralysed by a giant eyeball
             ... on Level 5 of the Dungeon.
             The game lasted 00:08:36 (2587 turns).

MrRokkomies the Vexing (Vine Stalker Enchanter)     Turns: 2587, Time: 00:08:36

HP   0/24        AC  3     Str 10      XL: 5   Next:  1%
MP   0/11        EV  2     Int 16      God:
Gold 55          SH  0     Dex 15      Spells:  3 memorised,  2 levels left

rFire  . . .     SeeInvis .     a - +2 dagger
rCold  . . .     Clarity  .     b - +1 robe
rNeg   . . .     Conserve .     (no shield)
rPois  .         rCorr    .     (no helmet)
rElec  .         rRot     +     (no cloak)
SustAb . .       Spirit   +     (no gloves)
rMut   .         Warding  .     (no boots)
Saprov . . .     Stasis   .     (no amulet)
MR     .....                    r - ring of flight
                                s - ring of invisibility

@: paralysed, lethally poisoned, very slightly contaminated, drained, not
resistant to hostile enchantments, fairly stealthy
A: fangs 2, regeneration 1, magic shield, antimagic bite, no device heal
a: Evoke Invisibility, Evoke Flight


You were on level 5 of the Dungeon.
You were not hungry.

You visited 1 branch of the dungeon, and saw 5 of its levels.

You collected 55 gold pieces.

Inventory:

Hand weapons
 a - a +2,+2 dagger (weapon)
Missiles
 d - 12 darts
 e - 17 sling bullets
 j - 24 stones
 m - 5 steel javelins (quivered)
 w - 21 poisoned needles
Armour
 b - a +1 robe (worn)
Comestibles
 f - 3 bread rations
 k - a choko
 o - 2 meat rations
Scrolls
 h - 4 scrolls of remove curse
 n - a scroll of fear
Jewellery
 r - a ring of flight (right hand)
 s - a ring of invisibility (left hand)
 u - an uncursed ring of teleportation
Potions
 g - a potion of might
 i - a potion of brilliance
 l - 2 potions of agility
 q - 3 potions of curing {unknown}
 t - a potion of invisibility {unknown}
Books
 c - a book of Maledictions

   Spells                             Type                      Level
   *Corona                            Hexes                        1
   Sure Blade                         Hexes/Charms                 2
   *Ensorcelled Hibernation           Hexes/Ice                    2
   *Confuse                           Hexes                        3
   Dazzling Spray                     Conjuration/Hexes            3
   Enslavement                        Hexes                        4


   Skills:
 * Level 2.4(1.5) Short Blades
 - Level 0.8(0.0) Throwing
 - Level 1.5(0.6) Dodging
 - Level 2.4(1.5) Stealth
 - Level 2.1(1.2) Spellcasting
 + Level 4.8(3.9) Hexes


You had 2 spell levels left.
You knew the following spells:

 Your Spells              Type           Power        Failure   Level  Hunger
a - Corona                Hex            ##.....      6%          1    ##.....
b - Ensorcelled Hibernat  Hex/Ice        #.....       17%         2    ###....
c - Confuse               Hex            ##......     14%         3    ####...


Dungeon Overview and Level Annotations

Branches:
Dungeon (5/15)
 Temple: D:4-7

Altars:

Annotations:
D:4 Edmund


Innate Abilities, Weirdness & Mutations

You are immune to rotting.
You have extremely sharp teeth.
Your natural rate of healing is unusually fast.
When hurt, damage is shared between your health and your magic reserves.
Your bite disrupts and absorbs the magic of your enemies.
Potions and wands cannot restore your HP.


Message History

A worker ant and a giant cockroach come into view.
The giant cockroach moves out of view.
You hit the giant eyeball.
You bite the giant eyeball, but do no damage.
The giant eyeball is lightly wounded.
You barely miss the giant eyeball. You bite the giant eyeball!
You drain its power.
You feel invigorated.
The giant eyeball is moderately wounded.
You hit the giant eyeball.
The giant eyeball is heavily wounded.
The giant eyeball stares at you.
You suddenly lose the ability to move!
The hound bites you. The worker ant bites you.
* * * LOW HITPOINT WARNING * * *
You are poisoned.
The worker ant poisons you! The hound bites you.
* * * LOW HITPOINT WARNING * * *
* * * LOW HITPOINT WARNING * * *
You feel sick. The hound bites you.
You die...

.........#
...h......#
.........?# .
........# ...
#s....# ....
#..<..# ##...
#.....#
.......##h....#
#.....a@G.####
#.###.....#
........#
...#......# ##
#.###..# #. ..#
. ... . .... .


You could see a hound, a giant eyeball, a worker ant and a giant cockroach
(wandering).

Vanquished Creatures
  3 adders
  A worm (D:3)
  3 giant geckos
  11 orcs
  3 giant cockroaches (D:1)
  7 hobgoblins
  9 kobolds
  4 quokkas
  3 ball pythons
  7 bats
  A giant newt (D:3)
  6 goblins
  18 rats
76 creatures vanquished.

Notes
Turn   | Place    | Note
--------------------------------------------------------------
     0 | D:1      | MrRokkomies, the Vine Stalker Enchanter, began the quest for the Orb.
     0 | D:1      | Reached XP level 1. HP: 9/9 MP: 3/3
    98 | D:1      | Reached skill level 1 in Short Blades
   153 | D:1      | Reached XP level 2. HP: 13/13 MP: 5/5
   157 | D:1      | Learned a level 2 spell: Ensorcelled Hibernation
   698 | D:1      | Reached skill level 4 in Hexes
   698 | D:1      | Reached XP level 3. HP: 12/16 MP: 7/7
  1225 | D:2      | Reached XP level 4. HP: 21/21 MP: 8/8
  2275 | D:3      | Learned a level 3 spell: Confuse
  2530 | D:4      | Reached XP level 5. HP: 21/24 MP: 11/11
  2546 | D:4      | Noticed Edmund
  2580 | D:5      | Entered Level 5 of the Dungeon
  2584 | D:5      | Paralysed by a giant eyeball for 4 turns
  2587 | D:5      | Slain by a hound

Action                   |  1- 3 |  4- 6 || total
-------------------------+-------+-------++-------
Melee: Dagger            |   145 |    94 ||   239
Throw: Javelin           |       |     8 ||     8
 Cast: Ensorcelled Hiber |     7 |    10 ||    17
  Use: Scroll            |     1 |    10 ||    11
 Stab: Sleeping          |     5 |     7 ||    12
